 Dungeon Crawl Stone Soup version 0.23.0-3-gf3c87f2 (webtiles) character file.

Game seed: 3562439511297884781

335 Borgoz the Sneak (level 6, -8/45 HPs)
             Began as a Ghoul Enchanter on Feb 24, 2019.
             Killed themself with a badly aimed iceblast (10 damage)
             ... on level 2 of the Dungeon.
             The game lasted 00:07:06 (2631 turns).

Borgoz the Sneak (Ghoul Enchanter)                  Turns: 2631, Time: 00:07:07

Health: -8/45      AC:  2    Str: 12    XL:     6   Next: 53%
Magic:  2/8        EV: 13    Int: 10    God:
Gold:   71         SH:  0    Dex: 11    Spells: 7/10 levels left

rFire    + . .     SeeInvis .   a - +1 dagger
rCold    + . .     Gourm    .   (no shield)
rNeg     + + +     Faith    .   b - +0 robe
rPois    ∞         Spirit   .   (no helmet)
rElec    .         Reflect  .   j - scarf {repulsion}
rCorr    .         Harm     .   (no gloves)
MR       .....                  (no boots)
Stlth    +++.......             (no amulet)
HPRegen  0.15/turn              h - ring of protection from fire
MPRegen  0.11/turn              (no ring)

@: rotting, repel missiles
A: rotting body, claws 1, carnivore, cold resistance 1, negative energy
resistance 3, inhibited regeneration, torment resistance, unbreathing
a: no special abilities


You were on level 2 of the Dungeon.
You were not hungry.

You visited 1 branch of the dungeon, and saw 2 of its levels.

You collected 71 gold pieces.

Inventory:

Hand Weapons
 a - a +1 dagger (weapon)
Missiles
 f - 9 poisoned needles
Armour
 b - a +0 robe (worn)
 j - a scarf of repulsion (worn)
Jewellery
 h - a ring of protection from fire (left claw)
Wands
 e - a wand of random effects (1)
Scrolls
 c - a scroll of identify
Comestibles
 d - 2 rations


   Skills:
 + Level 3.2 Short Blades
 + Level 2.9 Dodging
 + Level 4.4 Stealth
 + Level 2.5 Spellcasting
 + Level 3.1 Hexes
 + Level 1.1 Ice Magic
 + Level 0.4 Evocations


You had 7 spell levels left.
You knew the following spells:

 Your Spells              Type           Power        Failure   Level  Hunger
a - Corona                Hex            #......      8%          1    ##.....
b - Ensorcelled Hibernat  Hex/Ice        #.....       19%         2    ###....

Your spell library contained the following spells:

 Spells                   Type           Power        Failure   Level  Hunger
 Confuse                  Hex            #.......     24%         3    ####...
 Tukima's Dance           Hex            #.......     24%         3    ####...
 Dazzling Spray           Conj/Hex       #.....       43%         3    ####...


Dungeon Overview and Level Annotations

Branches:
Dungeon (2/15)

Altars:


Innate Abilities, Weirdness & Mutations

Your body is rotting away.
You thrive on raw meat.
You are immune to poison.
You have sharp fingernails.
You are carnivorous and can eat meat at any time.
Your flesh is cold resistant. (rC+)
You are immune to negative energy. (rN+++)
You do not regenerate when monsters are visible.
You are immune to unholy pain and torment.
You can survive without breathing.


Message History

Press: ? - help, Shift-Dir - straight line, f/p - adder
Aim: an adder (almost dead)
You throw a throwing net.
The throwing net completely misses the adder.
The adder bites you.
* * * LOW HITPOINT WARNING * * *
You closely miss the adder.
The adder is almost dead.
The adder bites you but does no damage. The adder bites you.
* * * LOW HITPOINT WARNING * * *
Evoke which item? (* to show all) (? for menu, Esc to quit)
Aiming: Random Effects
Press: ? - help, Shift-Dir - straight line, f/p - adder
Aim: an adder (almost dead)
The mass of ice explodes!
The iceblast engulfs the adder!
You kill the adder!
Your Ice Magic skill increases to level 1!
The iceblast engulfs you! You partially resist.
You die...

......##+#+#+#.##.......g
.###.#.........##......#
.'.).'.........##......#
.###.#.........##......#
...#.#.........##......#
##.#.#.).......#(....#
##.#.#.............#
...#.#........##.#.#
####.#........##@#.#
...#.#........##.#÷#
##.#.#........##.#.#
...........#+###.#.#
##...#######.# #.#.#
.............###.#.#
.##########......#.#
....# #.######.# ###.#
#.# #.#


There were no monsters in sight!

Vanquished Creatures
  Sigmund (D:2)
  A howler monkey (D:2)
  An orc wizard (D:1)
  3 gnolls (D:2)
  4 adders (D:2)
  3 oozes (D:2)
  A worm (D:2)
  2 dart slugs
  2 orcs
  4 bats (D:1)
  2 giant cockroaches (D:2)
  A goblin (D:1)
  4 hobgoblins
  4 jackals (D:1)
  A ball python (D:2)
  3 frilled lizards
  6 kobolds
  3 rats
46 creatures vanquished.

Notes
Turn   | Place    | Note
-------+----------+-------------------------------------------
     0 | D:1      | Borgoz the Ghoul Enchanter began the quest for the Orb.
     0 | D:1      | Reached XP level 1. HP: 14/14 MP: 2/2
   129 | D:1      | Reached XP level 2. HP: 19/20 MP: 3/3
   835 | D:1      | Reached skill level 1 in Short Blades
  1137 | D:1      | Reached XP level 3. HP: 20/25 MP: 4/4
  1146 | D:2      | Reached skill level 4 in Stealth
  1475 | D:1      | Reached XP level 4. HP: 27/33 MP: 3/6
  1480 | D:1      | Learned a level 2 spell: Ensorcelled Hibernation
  1651 | D:2      | Noticed Sigmund
  1668 | D:2      | Killed Sigmund
  1668 | D:2      | Reached XP level 5. HP: 30/38 MP: 0/7
  1760 | D:2      | Reached XP level 6. HP: 33/45 MP: 1/8
  2629 | D:2      | HP: 2/45 [adder (2)]
  2631 | D:2      | Reached skill level 1 in Ice Magic
  2631 | D:2      | Killed themself with a badly aimed iceblast

Skill      XL: |  1  2  3  4  5  6 |
---------------+-------------------+-----
Dodging        | 2 |  2.9
Short Blades   | 1 2 3 |  3.2
Stealth        | 4 |  4.4
Spellcasting   | 2 |  2.5
Hexes          | 3 |  3.1
Ice Magic      | 1 |  1.1
Evocations     | |  0.4

Action                   |  1- 3 |  4- 6 || total
-------------------------+-------+-------++-------
Melee: Dagger            |   113 |    93 ||   206
Throw: Javelin           |     1 |       ||     1
       Throwing net      |       |     1 ||     1
 Cast: Corona            |     9 |     3 ||    12
       Ensorcelled Hiber |       |    13 ||    13
Evoke: Wand              |       |    11 ||    11
  Use: Potion            |     3 |     1 ||     4
       Scroll            |     2 |     3 ||     5
 Stab: Invisible         |     3 |       ||     3
       Sleeping          |       |     5 ||     5
  Eat: Chunk             |     8 |     5 ||    13
Armor: Robe              |    43 |    11 ||    54
Dodge: Dodged            |   121 |    57 ||   178
